Map: Overgrowth LE (Void)

Players

ArT

  • Race: Protoss Protoss
  • League: Master
  • Spawn Location: 7:00

Elazer

  • Race: Protoss Protoss
  • League: Master
  • Spawn Location: 1:00

soul (Elazer)

  • Race: Terran Terran
  • League: Master

Rodzyn (souL)

  • Race: Terran Terran
  • League: Master

VOD

Have the link to the VOD?

Description

Time

  • Played on: Nov. 26, 2016, 2:53 p.m.
  • Length: 12:35
Show
View Real Time Build Order
Export as new Build Order

ArT Protoss 

Build Orders: 1 Gate Expand, Blink Stalkers 

Get SALT Encoding   

  12  0:00  Probe (Chrono Boost)  
  13  0:11  Probe (Chrono Boost)  
  14  0:18  Pylon  
  14  0:22  Probe (Chrono Boost)  
  15  0:36  Probe (Chrono Boost), Gateway  
  15  0:41  Assimilator  
  16  0:47  Probe (Chrono Boost)  
  17  0:57  Probe (Chrono Boost)  
  18  1:08  Probe (Chrono Boost)  
  19  1:19  Nexus  
  19  1:22  Probe (Chrono Boost)  
  20  1:31  Cybernetics Core  
  20  1:35  Probe (Chrono Boost)  
  21  1:40  Assimilator  
  21  1:45  Probe (Chrono Boost)  
  22  1:51  Pylon  
  22  1:56  Probe (Chrono Boost)  
  22  1:59  Warp Gate  
  23  2:09  Mothership Core (Chrono Boost)  
  25  2:22  Stalker  
  27  2:29  Probe (Chrono Boost)  
  27  2:32  Probe (Chrono Boost)  
  28  2:40  Twilight Council  
  28  2:41  Probe (Chrono Boost)  
  28  2:43  Probe (Chrono Boost)  
  30  2:52  Stalker  
  30  2:53  Probe (Chrono Boost)  
  30  2:55  Probe (Chrono Boost)  
  34  3:05  Probe x2 (Chrono Boost)  
  36  3:08  Robotics Facility  
  36  3:16  Probe (Chrono Boost)  
  36  3:17  Probe (Chrono Boost)  
  38  3:21  Gateway  
  38  3:24  Gateway  
  39  3:27  Probe (Chrono Boost)  
  39  3:33  Pylon  
  40  3:35  Probe (Chrono Boost)  
  40  3:37  Probe (Chrono Boost)  
  40  3:40  Pylon  
  41  3:44  Blink  
  41  3:53  Observer  
  41  3:55  Probe (Chrono Boost)  
  38  3:59  Probe (Chrono Boost)  
  40  4:07  Probe (Chrono Boost)  
  42  4:10  Stalker  
  42  4:11  Probe (Chrono Boost)  
  42  4:15  Assimilator  
  44  4:18  Stalker  
  44  4:19  Probe (Chrono Boost)  
  44  4:23  Probe (Chrono Boost)  
  48  4:29  Stalker  
  48  4:31  Probe (Chrono Boost), Observer  
  51  4:36  Probe (Chrono Boost)  
  53  4:39  Pylon  
  53  4:43  Probe (Chrono Boost)  
  53  4:45  Stalker  
  56  4:46  Pylon x2  
  56  4:49  Stalker  
  54  4:53  Probe (Chrono Boost)  
  54  4:57  Stalker  
  55  5:00  Probe (Chrono Boost)  
  55  5:10  Probe (Chrono Boost)  
  55  5:12  Stalker  
  58  5:18  Probe (Chrono Boost)  
  59  5:27  Probe (Chrono Boost)  
  60  5:30  Probe (Chrono Boost)  
  60  5:31  Nexus  
  60  5:32  Pylon  
  62  5:43  Probe (Chrono Boost), Resonating Glaives, Stalker x2  
  66  5:53  Probe (Chrono Boost)  
  66  5:56  Forge  
  67  5:57  Probe (Chrono Boost)  
  67  6:02  Stalker  
  69  6:06  Probe (Chrono Boost)  
  69  6:07  Stalker  
  69  6:08  Probe (Chrono Boost)  
  69  6:09  Stalker  
  75  6:14  Protoss Ground Weapons Level 1  
  75  6:18  Probe (Chrono Boost)  
  77  6:26  Probe (Chrono Boost)  
  77  6:30  Probe (Chrono Boost)  
  77  6:31  Sentry x2  
  77  6:32  Pylon  
  82  6:33  Assimilator  
  82  6:38  Probe (Chrono Boost)  
  82  6:42  Probe (Chrono Boost)  
  82  6:46  Probe (Chrono Boost)  
  84  6:50  Probe (Chrono Boost)  
  84  6:53  Stalker  
  87  6:57  Probe (Chrono Boost)  
  87  6:59  Probe (Chrono Boost)  
  89  7:06  Probe (Chrono Boost)  
  91  7:09  Probe x2 (Chrono Boost)  
  92  7:17  Warp Prism  
  92  7:19  Gateway, Sentry  
  92  7:20  Gateway  
  92  7:22  Gateway  
  96  7:23  Adept x2, Gateway  
  96  7:24  Gateway  
  96  7:28  Probe x2 (Chrono Boost)  
  102  7:31  Probe (Chrono Boost)  
  102  7:33  Pylon  
  103  7:43  Pylon  
  103  7:46  Adept x3  
  103  7:47  Pylon  
  103  7:50  Pylon  
  109  7:52  Pylon  
  109  7:54  Pylon  
  109  7:55  Probe (Chrono Boost)  
  110  8:03  Protoss Ground Armor Level 1  
  106  8:08  Adept x3  
  106  8:22  Pylon  
  106  8:24  Pylon  
  106  8:25  Stalker x4  
  106  8:26  Adept  
  116  8:33  Templar Archives  
  116  8:39  Adept x3  
  122  8:52  Warp Prism  
  122  8:54  Adept x5  
  130  9:01  Adept x8  
  136  9:18  Assimilator  
  136  9:19  Probe x2 (Chrono Boost), Assimilator  
  138  9:26  High Templar x4  
  138  9:27  Adept x2  
  138  9:31  Archon  
  150  9:32  Archon  
  150  9:33  Pylon, Probe x2 (Chrono Boost)  
  150  9:35  Photon Cannon  
  150  9:36  Pylon  
  153  9:38  Probe (Chrono Boost)  
  153  9:44  Immortal  
  157  9:56  Pylon  
  157  9:58  Adept x4  
  165  10:04  Stalker x3  
  162  10:13  Pylon  
  142  10:22  Adept x5  
  142  10:26  Immortal  
  142  10:35  Adept x3  
  142  10:41  Dark Shrine  
  142  10:47  Adept x2  
  142  10:48  Adept  
  148  10:54  Pylon  
  148  10:57  Photon Cannon  
  148  10:58  Photon Cannon  
  148  10:59  High Templar  
  148  11:00  High Templar  
  148  11:03  Psionic Storm  
  152  11:14  Pylon  
  150  11:24  Pylon  
  150  11:25  Warp Prism  
  150  11:28  Pylon  
  144  11:33  High Templar x2, Adept x3  
  144  11:36  Adept  
  144  11:38  Archon  
  156  11:41  Adept x2  
  160  11:55  Stalker x3  
  156  12:13  Stalker x5  
  132  12:28  Adept x3  
Show
View Real Time Build Order
Export as new Build Order

Elazer Protoss 

Build Orders:  

Get SALT Encoding   

  12  0:00  SCV  
  13  0:12  SCV  
  14  0:17  Supply Depot  
  14  0:25  SCV  
  14  0:28  Refinery  
  15  0:39  SCV  
  16  0:44  Barracks  
  16  0:51  SCV  
  17  1:03  SCV  
  18  1:18  SCV  
  19  1:30  Marine  
  19  1:31  Orbital Command  
  19  1:32  Factory  
  20  1:48  Marine  
  20  1:51  Supply Depot  
  21  1:56  SCV  
  22  2:06  Marine  
  23  2:12  SCV  
  24  2:16  Starport  
  24  2:23  Command Center  
  24  2:27  Widow Mine  
  26  2:31  SCV  
  26  2:34  Refinery  
  27  2:40  Supply Depot  
  27  2:42  Marine  
  28  2:48  SCV  
  29  2:53  Medivac  
  31  3:01  Widow Mine  
  31  3:02  SCV  
  34  3:10  Barracks Reactor  
  34  3:14  SCV  
  34  3:16  Bunker  
  35  3:26  Barracks  
  35  3:28  SCV  
  35  3:29  Liberator  
  36  3:35  Hellion  
  36  3:36  Bunker  
  38  3:41  SCV  
  38  3:47  SCV  
  42  3:59  SCV  
  43  4:04  Orbital Command  
  43  4:05  Marine x2  
  43  4:08  Widow Mine  
  47  4:11  SCV  
  45  4:20  Barracks Tech Lab  
  45  4:22  Engineering Bay  
  45  4:23  SCV  
  46  4:29  Marine x2  
  46  4:33  SCV  
  46  4:35  SCV  
  48  4:39  Refinery  
  48  4:40  Supply Depot  
  48  4:45  Marine, SCV  
  49  4:46  Stimpack  
  49  4:47  SCV  
  49  4:50  Marine  
  52  4:57  SCV  
  52  4:59  SCV, Missile Turret  
  54  5:02  Marine  
  54  5:06  Marine  
  56  5:09  SCV  
  56  5:11  SCV  
  56  5:13  Terran Infantry Weapons Level 1, Marine  
  59  5:15  Barracks, Supply Depot  
  59  5:19  Marine  
  60  5:21  SCV  
  60  5:23  SCV  
  60  5:25  Supply Depot  
  62  5:31  Missile Turret  
  62  5:33  Supply Depot  
  62  5:36  SCV  
  62  5:37  Marauder  
  62  5:38  Supply Depot  
  65  5:45  Marine x2  
  65  5:46  SCV  
  61  5:50  SCV  
  61  5:53  Starport Reactor  
  61  5:56  Barracks  
  61  5:58  Barracks  
  61  5:59  SCV  
  61  6:01  Refinery  
  61  6:02  SCV  
  61  6:04  Barracks Tech Lab  
  63  6:06  Marauder, Marine x2  
  63  6:11  SCV  
  67  6:14  SCV  
  67  6:16  Supply Depot  
  67  6:22  Combat Shields  
  67  6:23  Marine  
  68  6:26  Marauder, Marine  
  68  6:27  Marauder  
  73  6:36  Medivac  
  73  6:41  Medivac, Marine  
  73  6:46  Barracks Reactor  
  73  6:47  Barracks Tech Lab, Concussive Shells  
  76  6:48  Marauder  
  76  6:49  Marauder  
  80  6:55  Marine  
  81  7:06  Medivac  
  81  7:08  Supply Depot x2  
  83  7:09  Marauder  
  83  7:10  Marauder  
  83  7:11  Medivac  
  83  7:14  Marine  
  83  7:15  Marauder  
  91  7:18  Liberator  
  86  7:23  Factory  
  86  7:24  Liberator  
  86  7:26  Supply Depot  
  85  7:30  Marauder  
  85  7:32  Marauder  
  85  7:35  Marine  
  85  7:36  Marauder, Marine  
  95  7:38  Marine  
  95  7:39  Marine  
  101  7:52  Terran Infantry Armor Level 1, Marauder, Marine  
  101  7:53  Supply Depot  
  101  7:54  Supply Depot  
  101  7:56  Marine  
  101  7:57  Marauder  
  107  8:01  Liberator  
  107  8:03  Marine  
  106  8:06  Marine  
  106  8:07  Liberator  
  106  8:11  Marauder  
  109  8:13  Marauder  
  109  8:17  Factory Reactor  
  109  8:18  Marine  
  106  8:25  Supply Depot  
  109  8:28  Marine  
  109  8:29  Marauder, Marine  
  109  8:32  Marauder, Marine  
  116  8:34  Marine  
  116  8:36  Marine  
  115  8:44  Liberator  
  115  8:47  Marine  
  116  8:50  Liberator, Marauder  
  116  8:55  Marauder  
  116  8:59  Marauder  
  121  9:07  Marine  
  123  9:11  Marauder  
  123  9:16  Marauder  
  127  9:20  Marauder  
  127  9:22  Marine  
  129  9:37  Marauder  
  131  9:44  Medivac, Widow Mine x2  
  137  9:46  Command Center  
  137  9:50  Medivac, Marine  
  137  9:51  Marauder  
  142  10:02  Marauder, Marine  
  142  10:06  Marine  
  142  10:07  Marauder  
  140  10:12  Marauder  
  128  10:14  Medivac  
  128  10:15  SCV x2  
  128  10:16  Marine  
  128  10:20  Medivac  
  126  10:27  SCV  
  125  10:34  Marauder, Marine  
  102  10:36  Marine  
  102  10:42  Widow Mine  
  105  10:44  Medivac  
  105  10:46  Marauder  
  104  10:50  Medivac  
  104  10:53  SCV  
  107  10:58  Marine  
  107  11:02  SCV  
  105  11:05  SCV  
  105  11:09  Marauder  
  104  11:14  SCV  
  107  11:21  Orbital Command  
  107  11:23  SCV  
  107  11:25  Marine  
  106  11:27  Marine  
  106  11:30  Marine  
  108  11:33  Marine  
  108  11:34  Marine  
  108  11:38  Marine  
  111  11:40  Widow Mine  
  111  11:41  Widow Mine  
  111  11:44  Marine  
  111  11:45  Marauder  
  111  11:46  Marine  
  119  11:48  Marine  
  119  11:51  Marine  
  121  12:04  Marauder, Marine  
  121  12:06  Marine  
  121  12:07  Marauder  
  113  12:08  Marine  
  113  12:09  Marauder  
Show
View Real Time Build Order
Export as new Build Order

soul Terran 

Build Orders:  

Get SALT Encoding   

Show
View Real Time Build Order
Export as new Build Order

Rodzyn Terran 

Build Orders:  

Get SALT Encoding   

Tags
 
Add a new tag
Caveats
  • Supply blocks, unpowered buildings, or Contaminate may cause inaccurate times.
  • Supply counts are checked every 10 seconds.